 Dungeon Crawl Stone Soup version 0.30.1-3-gfc49f6343a (webtiles) character file.

Game seed: 15738950714480932654

4785 zacktheperson the Ruffian (level 10, -10/98 HPs)
             Began as a Troll Transmuter on July 21, 2023.
             Was a Priest of Wu Jian.
             Mangled by a death knight
             ... wielding a +0 broad axe
              (29 damage)
             ... on level 9 of the Dungeon.
             The game lasted 00:29:12 (7776 turns).

zacktheperson the Ruffian (Troll Transmuter)        Turns: 7776, Time: 00:29:14

Health: -10/98     AC:  9    Str: 22    XL:     10   Next: 24%
Magic:  20/21      EV: 11    Int: 17    God:    Wu Jian [***...]
Gold:   556        SH:  5    Dex: 10    Spells: 3/13 levels left

rFire   . .          .
                       - Unarmed
rCold   . . .        (no shield)
rNeg    . . .        c - +0 acid dragon scales
rPois   .            (helmet currently unavailable)
rElec   .            r - +0 cloak
rCorr   +            (gloves unavailable)
SInv    .            (boots unavailable)
Will    .....        y - amulet of reflection
Stlth   +            o - +6 ring of intelligence
HPRegen 1.16/turn    f - ring of magical power
MPRegen 0.17/turn

%: reflection
@: appendages, wereblooded
A: horns 2, talons 2, large, unfitting armour, claws 3, regeneration 1, shaggy
fur 1, tough skin 1
a: End Transformation, Renounce Religion, Wall Jump, Serpent's Lash


You were on level 9 of the Dungeon.
You worshipped Wu Jian.
Wu Jian was most pleased with you.
You had temporarily grown beastly horns and talons.
You visited 2 branches of the dungeon, and saw 10 of its levels.
You also visited: Sewer.

You collected 556 gold pieces.

Inventory:

Missiles
 e - 2 atropa-tipped darts
 E - 21 poisoned darts
 F - 4 silver boomerangs
 G - 2 curare-tipped darts
 K - 6 large rocks
Armour
 c - +0 acid dragon scales (worn)
 r - a +0 cloak (worn)
 D - an orb of light
 H - a scarf of repulsion
 M - +0 steam dragon scales
Jewellery
 f - a ring of magical power (right claw)
 m - a ring of resist corrosion
 o - a +6 ring of intelligence (left claw)
 y - an amulet of reflection (around neck)
 C - an amulet of guardian spirit
Wands
 x - a wand of polymorph (14)
 I - a wand of paralysis (7)
 N - a wand of flame (18)
Scrolls
 d - 4 scrolls of teleportation {unknown}
 g - 3 scrolls of noise {unknown}
 h - a scroll of poison {unknown}
 i - 2 scrolls of fear {unknown}
 j - 3 scrolls of identify {unknown}
 k - 2 scrolls of vulnerability {unknown}
 n - a scroll of blinking
 q - a scroll of immolation {unknown}
 t - a scroll of silence {unknown}
 u - a scroll of magic mapping {unknown}
 w - a scroll of enchant armour {unknown}
 A - a scroll of summoning {unknown}
Potions
 a - 2 potions of haste {unknown}
 b - 3 potions of lignification
 l - 4 potions of curing
 p - a potion of attraction {unknown}
 s - a potion of resistance
 v - 2 potions of mutation {unknown}
 z - a potion of invisibility {unknown}
 B - 2 potions of brilliance
 J - a potion of degeneration {unknown}
 L - a potion of might


   Skills:
 + Level 5.9 Fighting
 - Level 3.0 Armour
 + Level 6.2 Dodging
 + Level 7.8 Unarmed Combat
 - Level 2.0 Spellcasting
 + Level 5.6 Transmutations


You had 3 spell levels left.
You knew the following spells:

 Your Spells              Type           Power      Damage    Failure   Level
a - Beastly Appendage     Tmut           40%        N/A       2%          1
b - Wereblood             Tmut           20%        N/A       3%          2
c - Spider Form           Tmut/Pois      11%        N/A       24%         3
d - Ice Form              Ice/Tmut       11%        N/A       61%         4

Your spell library contained the following spells:

 Spells                   Type           Power      Damage    Failure   Level
 Ensorcelled Hibernation  Hex/Ice        2%         N/A       36%         2
 Scorch                   Fire           2%         2d5       36%         2
 Inner Flame              Hex/Fire       1%         N/A       58%         3
 Anguish                  Hex/Necr       0%         N/A       94%         4
 Flame Wave               Conj/Fire      1%         2d4       94%         4
 Sticky Flame             Conj/Fire      1%         2d3       94%         4
 Summon Cactus Giant      Summ           0%         N/A       100%        6


Dungeon Overview and Level Annotations

Branches:
Dungeon (9/15)             Temple (1/1) D:4           Sewer (visited)
   Lair: D:8-11         Orc: D:9-12

Altars:
Cheibriados
Dithmenos
Elyvilon
Fedhas
Gozag
Hepliaklqana
Kikubaaqudgha
Makhleb
Nemelex Xobeh
Okawaru
Qazlal
Ru
Sif Muna
Trog
Uskayaw
Vehumet
Wu Jian
Xom
Yredelemnul
Zin
The Shining One

Shops:
D:3 (


Innate Abilities, Weirdness & Mutations

You have temporarily grown beastly horns and talons.
You are too large for most types of armour.
You have claws for hands.
Your natural rate of healing is unusually fast.
You are covered in fur. (AC +1)
You have tough skin. (AC +1)


Message History

The death knight is moderately wounded.
You claw the death knight! You claw the death knight.
The death knight is heavily wounded.
The death knight hits you with a +0 broad axe!
You closely miss the death knight.
You headbutt the death knight, but do no damage.
The death knight is heavily wounded.
The death knight barely misses you.
You scratch the death knight but do no damage.
You claw the death knight. You headbutt the death knight.
The death knight is heavily wounded.
The death knight invokes the aid of Yredelemnul against you.
You struggle to resist.
You scratch the death knight.
You claw the death knight, but do no damage.
The death knight is severely wounded.
The death knight completely misses you.
You claw the death knight! Your kick misses the death knight.
You headbutt the death knight, but do no damage.
The death knight is severely wounded.
The death knight barely misses you.
You scratch the death knight but do no damage.
You headbutt the death knight.
The death knight is severely wounded.
The death knight offers itself to Yredelemnul, and fills with unholy energy.
You closely miss the death knight. You headbutt the death knight!
The death knight is almost dead.
The death knight reflects your damage back at you!
You barely miss the death knight. You claw the death knight.
The death knight is almost dead.
The death knight reflects your damage back at you!
The death knight hits you with a +0 broad axe!!
* * * LOW HITPOINT WARNING * * *
You scratch the death knight.
You claw the death knight, but do no damage.
The death knight is almost dead.
The death knight reflects your damage back at you!
* * * LOW HITPOINT WARNING * * *
The death knight hits you with a +0 broad axe!!
You die...

######################
#...<@pc..............
#.######.##########c##
#.# #.# #.# #.# #.#
#)# (.# ######.## #..
........p. #..
.######### #...### #


You could see a death knight (reflects damage) and a centaur warrior.

Vanquished Creatures
  A cyclops (D:8)
  3 kobold demonologists (D:8)
  A vampire (D:9)
  A shadow (D:8)
  A wyvern (D:7)
  2 yaks (D:9)
  3 steam dragons
  2 water moccasins
  A sky beast (D:8)
  3 ogres
  2 centaurs
  A phantom (D:4)
  4 kobold brigands
  3 bullfrogs
  A gnoll sergeant (D:9)
  A scorpion (D:5)
  2 howler monkeys
  A gnoll bouda (D:6)
  10 orc priests
  4 hounds
  Crazy Yiuf (D:7)
  A jelly (D:7)
  2 iguanas
  2 sleepcaps
  4 orc wizards
  Robin (D:4)
  9 adders
  8 gnolls
  3 white imps
  An ufetubus (D:6)
  4 worms
  4 dart slugs
  26 orcs
  10 endoplasms
  10 giant cockroaches
  8 hobgoblins
  3 jackals (D:1)
  15 quokkas
  15 ball pythons
  3 bats
  8 frilled lizards
  17 goblins
  18 kobolds
  7 rats
  A rat zombie (D:8)
228 creatures vanquished.

Vanquished Creatures (others)
  3 orcs (D:7)
  A kobold (D:7)
4 creatures vanquished.

Grand Total: 232 creatures vanquished

Notes
Turn   | Place    | Note
-------+----------+-------------------------------------------
     0 | D:1      | zacktheperson the Troll Transmuter began the quest for the
                  | Orb.
     0 | D:1      | Reached XP level 1. HP: 18/18 MP: 1/1
   176 | D:1      | Reached skill level 1 in Fighting
   176 | D:1      | Reached XP level 2. HP: 27/27 MP: 0/3
   397 | D:1      | Found a faded altar of an unknown god.
   574 | D:1      | Reached XP level 3. HP: 33/33 MP: 4/4
  1253 | D:2      | Reached skill level 1 in Armour
  1392 | D:2      | Reached XP level 4. HP: 35/39 MP: 5/5
  1722 | D:2      | Learned a level 2 spell: Wereblood
  2015 | D:3      | Found Pishroaci's Antique Weapon Emporium.
  2071 | D:3      | Reached XP level 5. HP: 40/48 MP: 2/6
  2233 | D:3      | Found a glowing drain.
  2253 | Sewer    | Entered a sewer
  2497 | Sewer    | Reached XP level 6. HP: 43/57 MP: 2/8
  2662 | D:3      | Learned a level 3 spell: Spider Form
  2864 | D:4      | Found a staircase to the Ecumenical Temple.
  2873 | Temple   | Entered the Ecumenical Temple
  2898 | Temple   | Became a worshipper of the Wu Jian Council
  3020 | D:4      | Noticed Robin
  3036 | D:4      | Killed Robin
  3037 | D:4      | Reached skill level 4 in Unarmed Combat
  3724 | D:5      | Entered Level 5 of the Dungeon
  3742 | D:5      | Reached XP level 7. HP: 63/66 MP: 6/9
  3972 | D:5      | Reached * piety under Wu Jian
  3994 | D:5      | Learned a level 4 spell: Ice Form
  4593 | D:6      | Noticed a steam dragon
  4598 | D:6      | Killed a steam dragon
  4599 | D:6      | Reached skill level 5 in Unarmed Combat
  4599 | D:6      | Reached XP level 8. HP: 66/75 MP: 8/10
  4728 | D:6      | Found a sparkling altar of Nemelex Xobeh.
  4879 | D:6      | Found a glowing golden altar of the Shining One.
  4892 | D:6      | Found a stormy altar of Qazlal.
  4945 | D:6      | Found a shadowy altar of Dithmenos.
  4947 | D:6      | Found a basalt altar of Yredelemnul.
  5010 | D:6      | Found a hazy altar of Hepliaklqana.
  5011 | D:6      | Found a shimmering altar of Xom.
  5012 | D:6      | Noticed a spectral ugly thing
  5796 | D:7      | Reached ** piety under Wu Jian
  5862 | D:7      | Found a runed translucent door.
  5863 | D:7      | Noticed Crazy Yiuf
  5974 | D:7      | Reached skill level 6 in Unarmed Combat
  6016 | D:7      | Reached XP level 9. HP: 33/85 MP: 11/11
  6204 | D:7      | Found a snail-covered altar of Cheibriados.
  6440 | D:7      | Found a blossoming altar of Fedhas.
  6452 | D:7      | Reached skill level 5 in Dodging
  6831 | D:7      | Killed Crazy Yiuf
  6890 | D:8      | Found an opulent altar of Gozag.
  7161 | D:8      | Reached skill level 5 in Fighting
  7357 | D:8      | Noticed a cyclops
  7358 | D:8      | Found a radiant altar of Vehumet.
  7366 | D:8      | Killed a cyclops
  7367 | D:8      | Reached skill level 7 in Unarmed Combat
  7367 | D:8      | Reached skill level 5 in Transmutations
  7431 | D:8      | Found an ancient bone altar of Kikubaaqudgha.
  7475 | D:9      | Noticed a kobold demonologist
  7475 | D:9      | Noticed a kobold demonologist
  7477 | D:9      | Noticed a kobold demonologist
  7479 | D:9      | Noticed a sixfirhy
  7488 | D:8      | Noticed a smoke demon
  7488 | D:8      | Killed a kobold demonologist
  7560 | D:8      | Reached *** piety under Wu Jian
  7564 | D:8      | Noticed a red devil
  7566 | D:8      | Noticed a red devil
  7567 | D:8      | Killed a kobold demonologist
  7568 | D:8      | Reached XP level 10. HP: 73/98 MP: 12/12
  7686 | D:9      | Noticed a death knight
  7693 | D:9      | Noticed a centaur warrior
  7776 | D:9      | Mangled by a death knight

Illustrated notes

Levels and vault maps discovered:
D:1:      mushboom_english_gardens, layout_basic,
          hellmonk_ecumenical_altar_zigzags
D:2:      layout_basic, minmay_unequal
D:3:      layout_rooms, cheibrodos_sewer_entry_bend, serial_shops,
          nicolae_shop_real_fake_doors
D:4:      layout_layer_cave, minmay_temple_entry_butterflies, uniq_robin
D:5:      layout_basic, kennysheep_small_spiral, kennysheep_boxes
D:6:      layout_basic, regret_index_temple_of_mockery, lemuel_tele_altar,
          minitemple, kb_lookout_dungeons_type, chequers_arboretum,
          chequers_serial_rivers_micro_b, eino_tiny_chamber, minmay_liquid_box
D:7:      layout_layer_cave, mainiacjoe_overflow_alcove_4,
          kennysheep_little_box, uniq_crazy_yiuf_cottage
D:8:      layout_rooms, lemuel_zombie_altar_kikubaaqudgha, grunt_gozag_statues,
          vehumet_altar_wand_db, minmay_misc_feat_secret_circle
D:9:      minmay_the_grid_triangle_9x9_recursive_2_mashed
          [minmay_the_grid_triangle_9x9_prize_top_heavy,
          minmay_the_grid_triangle_9x9_descending_squares,
          minmay_the_grid_triangle_9x9_tough_junction,
          minmay_the_grid_triangle_9x9_alien], layout_small_grid,
          gammafunk_ghost_cemetery, st_stairs_7, grunt_ministairs_12
Temple:   hellmonk_temple_rainy

Skill      XL: |  1  2  3  4  5  6  7  8  9 |
---------------+----------------------------+-----
Fighting       | 1 2 3 4 5 |  5.9
Dodging        | 2 3 4 6 |  6.2
Armour         | 1 2 3 |  3.0
Transmutations | 2 3 4 5 |  5.6
Spellcasting   | 2 |  2.0
Unarmed Combat | 4 5 6 7 |  7.8

Action                     |  1- 3 |  4- 6 |  7- 9 | 10-12 || total
---------------------------+-------+-------+-------+-------++-------
  Melee: Unarmed           |   123 |   192 |   297 |    58 ||   670
         Punch             |     1 |     2 |    15 |     4 ||    22
         Kick              |     1 |    18 |    43 |     9 ||    71
         Headbutt          |       |    12 |    27 |    10 ||    49
   Cast: Beastly Appendage |     3 |    11 |    17 |     2 ||    33
         Wereblood         |       |     8 |    14 |     3 ||    25
Ability: Lunge             |       |     1 |    24 |     4 ||    29
         Whirlwind         |       |       |     8 |       ||     8
    Use: Potion            |       |       |     3 |       ||     3
         Scroll            |       |       |       |     1 ||     1
 Armour: Acid dragon scale |    46 |   106 |    82 |    11 ||   245
         Robe              |     2 |       |       |       ||     2
  Dodge: Dodged            |    63 |    74 |   148 |    19 ||   304
  Block: Other             |       |       |    48 |     4 ||    52
         Reflection        |       |       |     3 |       ||     3
